 Dungeon Crawl Stone Soup version 0.25-a0-316-gd28d56f9c5 (webtiles) character file.

Game seed: 12506915169874628411, levelgen mode: classic

307 Borgoz the Twirler (level 6, -1/37 HPs)
             Began as a Gargoyle Gladiator on Dec 24, 2019.
             Was an Initiate of Okawaru.
             Killed by nerve-wracking pain
             ... invoked by an orc priest
              (4 damage)
             ... on level 3 of the Dungeon.
             The game lasted 00:05:05 (2175 turns).

Borgoz the Twirler (Gargoyle Gladiator)             Turns: 2175, Time: 00:05:06

Health: -1/37      AC: 16    Str: 18    XL:     6   Next: 40%
Magic:  6/6        EV:  6    Int:  8    God:    Okawaru [......]
Gold:   117        SH:  0    Dex: 13    Spells: 5/5 levels left

rFire    . . .     SeeInvis .   a - +1 quarterstaff
rCold    . . .     Gourm    .   (shield currently unavailable)
rNeg     + . .     Faith    .   q - +0 plate armour
rPois    ∞         Spirit   .   c - +0 helmet
rElec    +         Reflect  .   (no cloak)
rCorr    .         Harm     .   (no gloves)
MR       .....                  (no boots)
Stlth    ..........             (no amulet)
HPRegen  0.12/turn              (no ring)
MPRegen  0.10/turn              (no ring)

@: hasted, very quick
A: negative energy resistance 1, electricity resistance, unbreathing,
petrification resistance, rot immunity, AC +4
a: Renounce Religion


You were on level 3 of the Dungeon.
You worshipped Okawaru.
Okawaru was noncommittal.
You were not hungry.

You visited 1 branch of the dungeon, and saw 3 of its levels.

You collected 117 gold pieces.

Inventory:

Hand Weapons
 a - a +1 quarterstaff (weapon)
Missiles
 d - 3 throwing nets (quivered)
Armour
 c - a +0 helmet (worn)
 q - a +0 plate armour (worn)
Wands
 p - a wand of random effects (12)
Scrolls
 h - a scroll of amnesia {unknown}
 k - a scroll of enchant weapon
 l - a scroll of teleportation
 m - a scroll of remove curse {unknown}
 n - a scroll of enchant armour {unknown}
Potions
 e - a potion of haste
 g - a potion of degeneration {unknown}
 i - a potion of cancellation
 j - a potion of might {unknown}
 o - 2 potions of curing {unknown}
 r - a potion of agility {unknown}
Comestibles
 b - 5 chunks of flesh
 f - 4 rations


   Skills:
 + Level 3.5 Fighting
 * Level 4.7 Staves
 - Level 1.7 Throwing
 + Level 2.5 Armour
 * Level 3.8 Dodging


You had 5 spell levels left.
You didn't know any spells.
Your spell library was empty.

Dungeon Overview and Level Annotations

Branches:
Dungeon (3/15)

Altars:
Cheibriados
Fedhas
Makhleb
Okawaru

Annotations:
D:3 Grinder


Innate Abilities, Weirdness & Mutations

You are resistant to torment.
Your stone body is resilient. (AC +4)
You are immune to poison.
You resist negative energy. (rN+)
You are resistant to electric shocks. (rElec)
You can survive without breathing.
You are immune to petrification.
You are immune to rotting.


Message History

You hit the orc priest.
The orc priest is almost dead.
The orc hits you but does no damage.
The giant cockroach bites you but does no damage.
The orc hits you but does no damage.
You closely miss the orc priest.
The orc priest is almost dead.
Grinder hits you.
* * * LOW HITPOINT WARNING * * *
You writhe in agony.
* * * LOW HITPOINT WARNING * * *
The orc priest hits you but does no damage.
The orc barely misses you.
The giant cockroach bites you but does no damage.
You closely miss the orc priest.
The orc priest is almost dead.
Grinder hits you but does no damage.
The orc priest mumbles some strange prayers to Beogh against you.
Pain shoots through your body!
You die...

.. .... ...# ##
....######...## #.
.............# +.
...........$# #.
#..........##...#....##
#.....K....##...#......
#....soo...##...#......
#.....@5...##...#......
#......o...##..........
#..........##..........
#..........#...........
#..........#........<..
######...........####...
.................#.......
.........†...|...#.#...##
.........#########.#...#


You could see Grinder, an orc priest, 2 orcs, a giant cockroach and a kobold.

Vanquished Creatures
  A black bear (D:3)
  Ijyb (D:3)
  Natasha (twice) (D:2)
  Terence (D:3)
  Robin (D:2)
  3 gnolls (D:2)
  An adder (D:3)
  An ooze (D:2)
  A dart slug (D:2)
  4 orcs (D:3)
  3 bats (D:3)
  9 giant cockroaches
  12 goblins
  6 hobgoblins
  4 jackals
  A kobold (D:1)
  A ball python (D:1)
  5 frilled lizards
  3 rats
60 creatures vanquished.

Notes
Turn   | Place    | Note
-------+----------+-------------------------------------------
     0 | D:1      | Borgoz the Gargoyle Gladiator began the quest for the Orb.
     0 | D:1      | Reached XP level 1. HP: 12/12 MP: 1/1
   240 | D:1      | Reached XP level 2. HP: 18/18 MP: 2/2
   651 | D:2      | Noticed Robin
   828 | D:1      | Reached XP level 3. HP: 14/22 MP: 3/3
   947 | D:2      | Reached skill level 1 in Armour
   954 | D:2      | Killed Robin
  1089 | D:2      | Reached XP level 4. HP: 20/27 MP: 4/4
  1282 | D:2      | Noticed Natasha
  1287 | D:2      | Killed Natasha
  1382 | D:2      | Found a snail-covered altar of Cheibriados.
  1390 | D:2      | Noticed Natasha
  1400 | D:2      | Killed Natasha
  1400 | D:2      | Reached skill level 4 in Staves
  1400 | D:2      | Reached XP level 5. HP: 29/32 MP: 5/5
  1670 | D:3      | Noticed a black bear
  1753 | D:3      | Found a burning altar of Makhleb.
  1830 | D:3      | Noticed Terence
  1838 | D:3      | Killed a black bear
  1838 | D:3      | Reached XP level 6. HP: 33/37 MP: 6/6
  1849 | D:3      | Killed Terence
  1942 | D:3      | Found a blossoming altar of Fedhas.
  1942 | D:3      | Found an iron altar of Okawaru.
  1957 | D:3      | Became a worshipper of Warmaster Okawaru
  2046 | D:3      | Noticed Ijyb
  2057 | D:3      | Killed Ijyb
  2143 | D:3      | Noticed Grinder
  2151 | D:3      | Paralysed by Grinder for 5 turns
  2175 | D:3      | Killed from afar by an orc priest

Levels and vault maps discovered:
D:1:      evilmike_arrival_fibonacci_small, layout_loops_ring
D:2:      minmay_roachtagon, layout_basic, old_standard_altar,
          kennysheep_slug_shrine, uniq_robin, uniq_natasha
D:3:      layout_basic, nicolae_overflow_crystal_walls,
          gammafunk_temple_overflow_statue, uniq_jessica, uniq_ijyb,
          uniq_terence, uniq_grinder

Skill      XL: |  1  2  3  4  5 |
---------------+----------------+-----
Armour         | 1 2 |  2.5
Dodging        | 3 |  3.8
Fighting       | 3 |  3.5
Staves         | 4 |  4.7
Throwing       | |  1.7

Action                   |  1- 3 |  4- 6 || total
-------------------------+-------+-------++-------
Melee: Quarterstaff      |    90 |   120 ||   210
  Use: Scroll            |       |     7 ||     7
       Potion            |       |     1 ||     1
  Eat: Chunk             |     1 |     3 ||     4
Armor: Leather armour    |     9 |       ||     9
       Ring mail         |    30 |    47 ||    77
       Plate armour      |       |    47 ||    47
Dodge: Dodged            |    75 |    67 ||   142

Table legend:
 A = Non-vault XP
 B = Vault XP
 C = Vault XP percentage of total XP
 D = Non-vault monster count
 E = Vault monster count
 F = Vault count percentage of total count
                 A         B        C        D         E       F
            +---------+---------+-------+---------+---------+-------
      Total |     273 |     166 |  37.8 |      35 |      25 |  41.7
            +---------+---------+-------+---------+---------+-------
        D:1 |      14 |      16 |  53.3 |      10 |       8 |  44.4
        D:2 |      93 |      78 |  45.6 |      10 |      15 |  60.0
        D:3 |     166 |      72 |  30.3 |      15 |       2 |  11.8
            +---------+---------+-------+---------+---------+-------
